 Dungeon Crawl Stone Soup version 0.28.0-53-g5a82cb258f (webtiles) character file.

Game seed: 7950727993175567881

9893 Condegh the Geomancer (level 11, -3/63 HPs)
             Began as a Gargoyle Earth Elementalist on July 30, 2022.
             Was a Priest of Vehumet.
             Slain by a vampire mosquito (8 damage)
             ... on level 1 of the Lair of Beasts.
             The game lasted 01:22:05 (10172 turns).

Condegh the Geomancer (GrEE)                       Turns: 10172, Time: 01:22:06

Health: -3/63      AC: 14    Str: 13    XL:     11   Next: 53%
Magic:  17/23      EV: 14    Int: 19    God:    Vehumet [***...]
Gold:   654        SH:  0    Dex: 16    Spells: 7/26 levels left

rFire   . . .      SeeInvis +   J - +4 mace
rCold   . . .      Faith    .   (no shield)
rNeg    + . .      Spirit   .   F - +2 robe {Will+}
rPois   ∞          Reflect  .   (no helmet)
rElec   +          Harm     .   k - +0 cloak
rCorr   .          Rampage  .   (no gloves)
Will    +....                   x - +0 pair of boots
Stlth   ++........              g - amulet of magic regeneration
HPRegen 0.20/turn               q - ring of see invisible
MPRegen 0.58/turn               t - +6 ring of dexterity

@: no status effects
A: sickness immunity, AC +8, negative energy resistance 1, electricity
resistance, torment resistance 1, petrification resistance
a: Renounce Religion


You were on level 1 of the Lair of Beasts.
You worshipped Vehumet.
Vehumet was most pleased with you.
You visited 3 branches of the dungeon, and saw 12 of its levels.
You also visited: Bailey.

You collected 654 gold pieces.

Inventory:

Hand Weapons
 J - a +4 mace (weapon)
Missiles
 c - 295 stones
Armour
 k - a +0 cloak (worn)
 x - a +0 pair of boots (worn)
 F - a +2 robe of willpower (worn)
Magical Staves
 B - a staff of fire
Jewellery
 g - an amulet of magic regeneration (around neck)
 q - a ring of see invisible (left hand)
 t - a +6 ring of dexterity (right hand)
 w - a +6 ring of strength
 C - a ring of positive energy
Wands
 b - a wand of digging (9)
 l - a wand of polymorph (6)
 m - a wand of charming (2)
 y - a wand of paralysis (7)
 H - a wand of flame (20)
Scrolls
 a - 5 scrolls of amnesia
 e - a scroll of enchant armour {unknown}
 n - a scroll of blinking {unknown}
 r - 3 scrolls of vulnerability {unknown}
 s - a scroll of fear {unknown}
 v - 2 scrolls of teleportation
Potions
 d - a potion of might
 f - a potion of invisibility
 h - 5 potions of curing
 i - 3 potions of heal wounds
 j - 4 potions of lignification {unknown}
 o - a potion of resistance
 z - a potion of flight
 D - 3 potions of degeneration {unknown}
 E - a potion of brilliance
 G - a potion of magic
Miscellaneous
 I - a box of beasts


   Skills:
 - Level 5.0 Fighting
 + Level 4.9 Maces & Flails
 + Level 4.6 Dodging
 - Level 2.1 Stealth
 + Level 8.3 Spellcasting
 + Level 8.6 Conjurations
 - Level 0.7 Transmutations
 + Level 5.3 Fire Magic
 + Level 0.8 Air Magic
 + Level 8.6 Earth Magic
 + Level 4.7 Evocations


You had 7 spell levels left.
You knew the following spells:

 Your Spells              Type           Power      Damage    Failure   Level
a - Sandblast             Erth           80%        2d17      1%          1
b - Stone Arrow           Conj/Erth      80%        3d12      1%          3
c - Fire Storm            Conj/Fire      17%        8d4       100%        9
d - Conjure Flame         Conj/Fire      34%        6-21      1%          3
e - Swiftness             Air            11%        N/A       19%         3

Your spell library contained the following spells:

 Spells                   Type           Power      Damage    Failure   Level
 Inner Flame              Hex/Fire       18%        N/A       2%          3
 Passwall                 Tmut/Erth      20%        N/A       1%          2
 Slow                     Hex            28%        N/A       9%          1
 Ensorcelled Hibernation  Hex/Ice        14%        N/A       13%         2
 Petrify                  Tmut/Erth      25%        N/A       13%         4
 Spider Form              Tmut/Pois      9%         N/A       22%         3
 Confusing Touch          Hex            7%         N/A       26%         3
 Gell's Gravitas          Tloc           7%         N/A       26%         3
 Lesser Beckoning         Tloc           7%         N/A       26%         3
 Teleport Other           Tloc           7%         N/A       26%         3
 Vampiric Draining        Necr           7%         2d6       26%         3
 Anguish                  Hex/Necr       3%         N/A       65%         4
 Passage of Golubria      Tloc           7%         N/A       65%         4
 Silence                  Hex/Air        4%         N/A       90%         5
 Lehudib's Crystal Spear  Conj/Erth      20%        10d6      98%         8
 Chain Lightning          Conj/Air       12%        3d16      100%        9
 Shatter                  Erth           20%        3d18*     100%        9


Dungeon Overview and Level Annotations

Branches:
Dungeon (9/15)             Temple (1/1) D:5            Lair (2/6) D:9
    Orc (0/2) D:9          Bailey (visited)
  Swamp: Lair:2-4    Shoals: Lair:2-4     Snake: Lair:2-4    Spider: Lair:2-4

Altars:
Ashenzari
Cheibriados
Dithmenos
Elyvilon
Fedhas
Gozag
Hepliaklqana
Kikubaaqudgha
Makhleb
Nemelex Xobeh
Okawaru
Qazlal
Ru
Sif Muna
Trog
Uskayaw
Vehumet
Wu Jian
Xom
Yredelemnul
Zin
The Shining One

Shops:
D:4 (   D:9 [

Annotations:
D:8 2 transporters, Plasmagod's ghost, novice SpEn


Innate Abilities, Weirdness & Mutations

You are immune to sickness and miasma.
Your stone body is resilient. (AC +8)
You are immune to poison.
You resist negative energy. (rN+)
You are resistant to electric shocks. (rElec)
You are resistant to unholy torment.
You are immune to petrification.


Message History

The vampire mosquito bites you but does no damage.
The vampire mosquito bites you!
The vampire mosquito bites you but does no damage.
The vampire mosquito misses you.
You see here a dream sheep corpse.
The vampire mosquito completely misses you.
The vampire mosquito bites you but does no damage.
The vampire mosquito bites you. The vampire mosquito bites you!
* * * LOW HITPOINT WARNING * * *
There is a stone staircase leading up here.
The vampire mosquito bites you but does no damage.
The vampire mosquito barely misses you.
The vampire mosquito bites you but does no damage.
The vampire mosquito misses you. x3; The vampire mosquito barely misses you.
The vampire mosquito bites you!
* * * LOW HITPOINT WARNING * * *
The vampire mosquito bites you.
* * * LOW HITPOINT WARNING * * *
You climb upwards.
There is a stone staircase leading down here.
It was a potion of heal wounds.
You feel much better. The vampire mosquito bites you.
The vampire mosquito completely misses you.
The vampire mosquito barely misses you.
The vampire mosquito closely misses you.
The vampire mosquito bites you!
* * * LOW HITPOINT WARNING * * *
The vampire mosquito barely misses you.
The vampire mosquito bites you but does no damage.
The vampire mosquito bites you.
* * * LOW HITPOINT WARNING * * *
The vampire mosquito bites you but does no damage.
The vampire mosquito barely misses you. The vampire mosquito misses you.
The vampire mosquito closely misses you.
The vampire mosquito bites you!
* * * LOW HITPOINT WARNING * * *
The vampire mosquito completely misses you.
The vampire mosquito bites you!
You die...

#.....######## #....## #.......
#....## ##....# ##...... #....#
#.....# #...Y... #....# ##....#
#....... #....# #....# #.......
#....# ##....# ##...... #....#
#P....## #...... #....#
###......# ##......
##....########.y@y...#####.......
...............yyy...............
.................................
.................................
.................................
#####.############.######.#######
### ### ###


You could see 5 vampire mosquitoes.

Vanquished Creatures
  A two-headed ogre (D:9)
  A torpor snail (Lair:2)
  A black mamba (Lair:1)
  2 komodo dragons (Lair:1)
  Psyche (D:9)
  A kobold demonologist (D:9)
  A hornet (D:8)
  3 blink frogs (Lair:1)
  Prince Ribbit (D:7)
  Grinder (D:5)
  3 dream sheep (Lair:2)
  A shadow (D:7)
  11 yaks
  A vampire mosquito (Lair:2)
  Menkaure (D:7)
  3 water moccasins (Lair:1)
  2 orc warriors (D:8)
  An ice beast (D:6)
  A sky beast (D:7)
  2 ogres
  9 centaurs
  3 kobold brigands
  5 bullfrogs
  A wyvern zombie (D:6)
  A gnoll sergeant (D:9)
  3 scorpions (D:6)
  A water moccasin zombie (D:5)
  A water moccasin skeleton (D:6)
  7 killer bees
  3 wights (D:9)
  A howler monkey (D:7)
  A centaur zombie (D:9)
  A bullfrog zombie (D:5)
  4 hounds
  2 bullfrog skeletons (D:6)
  2 jellies
  3 orc priests
  Crazy Yiuf (D:2)
  Ijyb (D:3)
  3 iguanas
  6 orc wizards
  A mummy (D:9)
  A hound skeleton (D:5)
  8 gnolls
  A howler monkey skeleton (D:7)
  11 adders
  A shadow imp (D:5)
  An ufetubus (D:5)
  4 worms
  27 orcs
  3 ball pythons
  7 bats
  5 endoplasms
  2 giant cockroaches
  11 goblins
  7 hobgoblins
  3 quokkas
  5 frilled lizards
  21 kobolds
  4 rats (D:2)
221 creatures vanquished.

Vanquished Creatures (others)
  A human (D:9)
  3 fungi (Lair:1)
  A plant (Lair:1)
  4 toadstools (D:1)
9 creatures vanquished.

Grand Total: 230 creatures vanquished

Notes
Turn   | Place    | Note
-------+----------+-------------------------------------------
     0 | D:1      | Condegh the Gargoyle Earth Elementalist began the quest for
                  | the Orb.
     0 | D:1      | Reached XP level 1. HP: 10/10 MP: 3/3
   509 | D:1      | Reached XP level 2. HP: 2/16 MP: 3/5
   870 | D:1      | Found a faded altar of an unknown god.
   874 | D:1      | Reached skill level 1 in Fighting
  1067 | D:1      | Reached XP level 3. HP: 20/20 MP: 4/6
  1075 | D:1      | Learned a level 3 spell: Stone Arrow
  1929 | D:2      | Reached XP level 4. HP: 25/25 MP: 7/7
  2051 | D:2      | Reached skill level 1 in Maces & Flails
  2119 | D:2      | Found a runed translucent door.
  2120 | D:2      | Noticed Crazy Yiuf
  2126 | D:2      | Killed Crazy Yiuf
  2127 | D:2      | Reached skill level 1 in Conjurations
  2234 | D:2      | Reached XP level 5. HP: 28/30 MP: 7/9
  2427 | D:3      | Noticed Ijyb
  2442 | D:3      | Killed Ijyb
  2974 | D:4      | Noticed an ogre
  3025 | D:4      | Killed an ogre
  3026 | D:4      | Reached skill level 5 in Earth Magic
  3026 | D:4      | Reached XP level 6. HP: 35/35 MP: 3/11
  3164 | D:4      | Found Qezeoj's Antique Weapon Emporium.
  3296 | D:4      | Reached XP level 7. HP: 35/40 MP: 12/12
  3485 | D:5      | Entered Level 5 of the Dungeon
  3544 | D:5      | Found a glowing silver altar of Zin.
  3633 | D:5      | Found a staircase to the Ecumenical Temple.
  3650 | Temple   | Entered the Ecumenical Temple
  3693 | Temple   | Became a worshipper of Vehumet
  3743 | D:5      | Found a shadowy altar of Dithmenos.
  3761 | D:5      | Noticed Grinder
  3768 | D:5      | Killed Grinder
  3793 | D:5      | Reached skill level 1 in Evocations
  3911 | D:5      | Reached XP level 8. HP: 45/45 MP: 5/14
  3937 | D:5      | Found a burning altar of Makhleb.
  4679 | D:6      | Reached * piety under Vehumet
  4679 | D:6      | Offered knowledge of Shock by Vehumet.
  4680 | D:6      | Reached skill level 5 in Spellcasting
  4680 | D:6      | Reached skill level 5 in Conjurations
  5014 | D:7      | Noticed Menkaure
  5023 | D:7      | Killed Menkaure
  5069 | D:7      | Noticed a shadow
  5074 | D:7      | Killed a shadow
  5075 | D:7      | Reached XP level 9. HP: 50/50 MP: 9/18
  5103 | D:7      | Noticed Prince Ribbit
  5108 | D:7      | Killed Prince Ribbit
  5520 | D:7      | Learned a level 9 spell: Fire Storm
  5882 | D:6      | Reached ** piety under Vehumet
  5889 | D:6      | Offered knowledge of Freeze by Vehumet.
  6195 | D:8      | HP: 1/52 [orc warrior/+0 dire flail (14)]
  6198 | D:8      | Reached skill level 1 in Fire Magic
  6256 | D:8      | Found a glowing golden altar of the Shining One.
  6294 | D:8      | Found a flagged portal.
  6340 | Bailey   | Entered a bailey
  6470 | Bailey   | HP: 2/52 [orc warrior/bolt (13)]
  6937 | D:8      | Found a blossoming altar of Fedhas.
  7011 | D:8      | Noticed a hornet
  7018 | D:8      | Killed a hornet
  7019 | D:8      | Reached XP level 10. HP: 50/56 MP: 11/19
  7134 | D:8      | Found a transporter.
  7160 | D:8      | Noticed a moth of wrath
  7161 | D:8      | Noticed Plasmagod's ghost (novice SpEn)
  7172 | D:8      | Found a transporter.
  7354 | D:9      | Noticed Psyche
  7445 | D:9      | Found Wohaohaiw's Armour Shop.
  7446 | D:9      | Found a staircase to the Orcish Mines.
  7494 | D:9      | Found a stormy altar of Qazlal.
  7614 | D:9      | Killed Psyche
  7870 | D:9      | Noticed a two-headed ogre
  7879 | D:9      | Offered knowledge of Conjure Flame by Vehumet.
  8102 | D:9      | Learned a level 3 spell: Conjure Flame
  8247 | D:9      | Noticed a kobold demonologist
  8253 | D:9      | Killed a kobold demonologist
  8430 | D:9      | Reached *** piety under Vehumet
  8574 | D:9      | Killed a two-headed ogre
  8740 | D:9      | Found a staircase to the Lair.
  8765 | D:9      | Found a snail-covered altar of Cheibriados.
  8815 | D:9      | Found an ancient bone altar of Kikubaaqudgha.
  8949 | Lair:1   | Entered Level 1 of the Lair of Beasts
  9198 | Lair:1   | Reached XP level 11. HP: 58/61 MP: 15/23
  9642 | Lair:1   | Reached skill level 5 in Fire Magic
  9875 | Lair:1   | Learned a level 3 spell: Swiftness
 10160 | Lair:2   | Offered knowledge of Inner Flame by Vehumet.
 10161 | Lair:2   | Reached skill level 5 in Fighting
 10163 | Lair:2   | Noticed a swamp dragon
 10172 | Lair:1   | Slain by a vampire mosquito

Illustrated notes

Levels and vault maps discovered:
D:1:      ldierk_walled_garden_2, layout_loops_cross,
          shapermc_ecumenical_altar_ellora, chequers_serial_rivers_micro_e
D:2:      layout_basic, uniq_crazy_yiuf_cottage
D:3:      layout_basic, uniq_ijyb
D:4:      layout_gridville, serial_shops, shop, serial_park_tiny_pond
D:5:      layout_basic, mainiacjoe_overflow_small_starburst,
          mainiacjoe_overflow_concentric_impassable,
          nicolae_dithmenos_shadow_blocks, minmay_temple_entry_overgrown,
          uniq_grinder
D:6:      kb_forest_paths, layout_loops_cross
D:7:      layout_basic, uniq_prince_ribbit1, uniq_menkaure
D:8:      layout_gridville, fedhas_altar_3, lemuel_round_altar,
          gammafunk_ghost_berserking_beasts, enter_bailey_3
D:9:      layout_roguey, tgw_kikubaaqudgha, slow_altar_2, lemuel_tele_altar,
          lair_entry_dummy, orc_david_3, wad_rectangle_vault, uniq_psyche
Temple:   nicolae_temple_great_sept
Lair:1:   layout_long_grid, minivault_23, lemuel_fruit_tree, lemuel_fruit_fields
Lair:2:   layout_hall_layers, bh_autumn_forest_stairs, st_stairs_8, pond,
          grunt_megastairs_4

Skill      XL: |  1  2  3  4  5  6  7  8  9 10 11 |
---------------+----------------------------------+-----
Fighting       | 1 2 3 4 5 |  5.0
Earth Magic    | 4 5 6 7 8 |  8.6
Dodging        | 2 3 4 |  4.6
Maces & Flails | 1 2 3 4 |  4.9
Conjurations   | 1 2 3 6 8 |  8.6
Spellcasting   | 3 4 6 8 |  8.3
Evocations     | 1 3 4 |  4.7
Fire Magic     | 1 4 5 |  5.3
Stealth        | |  2.1
Transmutations | |  0.7
Air Magic      | |  0.8

Action                   |  1- 3 |  4- 6 |  7- 9 | 10-12 || total
-------------------------+-------+-------+-------+-------++-------
Melee: Unarmed           |    44 |       |       |       ||    44
       Club              |    47 |     4 |       |       ||    51
       Mace              |       |    38 |    26 |    45 ||   109
       Punch             |       |     1 |     1 |     2 ||     4
 Cast: Sandblast         |    26 |    52 |    55 |    15 ||   148
       Stone Arrow       |       |     7 |   103 |   132 ||   242
  Use: Scroll            |       |     1 |     2 |    10 ||    13
       Potion            |       |       |     1 |     1 ||     2
 Stab: Sleeping          |     2 |     1 |     1 |     1 ||     5
Armor: Robe              |    32 |    20 |    46 |    72 ||   170
Dodge: Dodged            |    81 |    31 |    74 |   106 ||   292
